 Dungeon Crawl Stone Soup version 0.21.0-3-g78d12a8 (webtiles) character file.

133 Ignatius881 the Magician (level 5, 0/37 HPs)
             Began as a Gnoll Wizard on Jan 11, 2018.
             Slain by an iguana (13 damage)
             ... on level 3 of the Dungeon.
             The game lasted 00:05:35 (2767 turns).

Ignatius881 the Magician (Gnoll Wizard)             Turns: 2767, Time: 00:05:35

Health: 0/37       AC:  3    Str:  9    XL:     5   Next: 16%
Magic:  0/14       EV: 14    Int: 21    God:
Gold:   144        SH:  0    Dex: 14    Spells: 7/18 levels left

rFire    . . .     SeeInvis .   d - +0 hand axe
rCold    . . .     Gourm    .   (no shield)
rNeg     . . .     Faith    .   a - +0 robe
rPois    .         Spirit   .   b - +0 hat
rElec    .         Reflect  .   m - +0 cloak
rCorr    .         Harm     .   (no gloves)
MR       .....                  (no boots)
Stlth    +++.......             (no amulet)
HPRegen  0.12/turn              (no ring)
MPRegen  0.14/turn              (no ring)

@: no status effects
A: distributed training, fangs 1, strong nose
a: no special abilities


You were on level 3 of the Dungeon.
You were not hungry.

You visited 1 branch of the dungeon, and saw 4 of its levels.

You collected 144 gold pieces.

Inventory:

Hand Weapons
 d - a +0 hand axe (weapon)
   (You found it on level 1 of the Dungeon)
Armour
 a - a +0 robe (worn)
 b - a +0 hat (worn)
 m - a +0 cloak (worn)
   (You found it on level 2 of the Dungeon)
Scrolls
 g - 2 scrolls of blinking {unknown}
 h - a scroll of teleportation {unknown}
 l - a scroll of amnesia {unknown}
 n - a scroll of remove curse {unknown}
 o - 2 scrolls of identify {unknown}
 q - a scroll of fog {unknown}
Potions
 f - 3 potions of might {unknown}
 j - a potion of flight {unknown}
 k - a potion of brilliance {unknown}
 p - a potion of agility {unknown}
Books
 c - a book of Minor Magic
Comestibles
 e - 4 rations


   Skills:
 + Level 1.3 Fighting
 + Level 1.3 Short Blades
 + Level 1.3 Long Blades
 + Level 1.3 Axes
 + Level 1.3 Maces & Flails
 + Level 1.3 Polearms
 + Level 1.3 Staves
 + Level 1.3 Slings
 + Level 1.3 Bows
 + Level 1.3 Crossbows
 + Level 1.3 Throwing
 + Level 1.3 Armour
 + Level 4.7 Dodging
 + Level 4.3 Stealth
 + Level 1.3 Shields
 + Level 1.3 Unarmed Combat
 + Level 7.2 Spellcasting
 + Level 2.3 Conjurations
 + Level 1.1 Hexes
 + Level 1.1 Charms
 + Level 2.3 Summonings
 + Level 1.1 Necromancy
 + Level 2.3 Translocations
 + Level 1.1 Transmutations
 + Level 1.1 Fire Magic
 + Level 1.1 Ice Magic
 + Level 1.1 Air Magic
 + Level 1.1 Earth Magic
 + Level 1.1 Poison Magic
 + Level 1.5 Invocations
 + Level 1.3 Evocations


You had 7 spell levels left.
You knew the following spells:

 Your Spells              Type           Power        Failure   Level  Hunger
a - Magic Dart            Conj           ###.         3%          1    None
b - Blink                 Tloc           N/A          4%          2    None
c - Call Imp              Summ           ###.....     4%          2    None
d - Conjure Flame         Conj/Fire      ##......     13%         3    None
e - Mephitic Cloud        Conj/Pois/Air  ##......     14%         3    None


Dungeon Overview and Level Annotations

Branches:
Dungeon (4/15)
 Temple: D:4-7

Altars:

Annotations:
D:4 Ijyb


Innate Abilities, Weirdness & Mutations

Your experience applies equally to all skills.
You have very sharp teeth.
Your uncanny sense of smell can sniff out nearby items.


Message History

The bolt of acid hits your crimson imp.
Your crimson imp is splashed with acid.
The acid corrodes your crimson imp!
Your crimson imp dies!
The bolt of acid hits your iron imp.
Your iron imp is splashed with acid.
The acid corrodes your iron imp!
Your iron imp dies!
It is a wand of acid (5).
An iguana and a ball python come into view.
A beastly little devil appears in a puff of frigid air.
Your crimson imp blinks!
An ogre comes into view. It is wielding a giant club.
A beastly little devil appears in a puff of flame.
Your white imp gestures at Ijyb.
The puff of frost hits Ijyb.
Your crimson imp hits Ijyb but does no damage.
An orc comes into view. It is wielding a club.
Aim: Ijyb, wielding a club, wearing a leather armour and carrying a wand of acid (5) (moderately wounded) Really fire in your crimson imp's direction?
Okay, then.
Ijyb completely misses your crimson imp.
Your crimson imp hits Ijyb but does no damage.
Your white imp gestures at Ijyb.
The puff of frost misses Ijyb.
The puff of frost hits the quokka.
The quokka dies!
Your crimson imp hits Ijyb.
The iguana completely misses you. The orc barely misses your crimson imp.
Ijyb barely misses your crimson imp.
Your white imp barely misses Ijyb.
Your crimson imp barely misses Ijyb. x2
You climb upwards.
Your summoned ally is left behind.
There is a stone staircase leading down here.
Aim: an iguana The magic dart hits the iguana.
The iguana misses you.
Aim: an iguana (lightly wounded)
The magic dart hits the iguana.
The iguana closely misses you.
Aim: an iguana (moderately wounded)
The magic dart hits the iguana.
The iguana bites you.
Aim: an iguana (moderately wounded)
The magic dart hits the iguana.
The iguana bites you.
Aim: an iguana (heavily wounded)
The magic dart hits the iguana.
The iguana bites you!
* * * LOW HITPOINT WARNING * * *
Aim: an iguana (heavily wounded)
The magic dart hits the iguana.
The iguana hisses menacingly.
The iguana closely misses you.
You hit the iguana. The iguana bites you.
* * * LOW HITPOINT WARNING * * *
The iguana barely misses you.
You hit the iguana but do no damage. The iguana bites you!
You die...

..........###.........#.....#
.................#...##.....#
..........##...########.....#
..........##(###### #....##
........<......(..## ####.#
...................## #.#
....................# ##.#
....................# #..#
................@...# #.##
...............l....# #.#
....................# #.#
..#.>..............## #.#######
............#.....#######........
.#....<..#######.##....[.........
##.###...............##..#.......
##.# ##......####..#....#########
...# #.###.....(..##...#########


You could see an iguana.

Vanquished Creatures
  A hound (D:4)
  2 adders (D:2)
  2 oozes
  A dart slug (D:2)
  3 leopard geckos
  An orc (D:3)
  4 ball pythons
  3 giant cockroaches
  4 goblins
  5 hobgoblins
  4 jackals (D:2)
  7 bats
  3 frilled lizards
  11 kobolds
  6 rats
57 creatures vanquished.

Vanquished Creatures (collateral kills)
  A hound (D:4)
  A worm (D:2)
  An orc (D:4)
  A quokka (D:4)
4 creatures vanquished.

Grand Total: 61 creatures vanquished

Notes
Turn   | Place    | Note
-------+----------+-------------------------------------------
     0 | D:1      | Ignatius881 the Gnoll Wizard began the quest for the Orb.
     0 | D:1      | Reached XP level 1. HP: 13/13 MP: 8/8
   153 | D:1      | Reached XP level 2. HP: 19/19 MP: 6/10
   194 | D:1      | Learned a level 2 spell: Blink
   197 | D:1      | Learned a level 2 spell: Call Imp
   974 | D:2      | Reached XP level 3. HP: 15/25 MP: 2/11
  1095 | D:2      | Learned a level 3 spell: Conjure Flame
  1099 | D:2      | Learned a level 3 spell: Mephitic Cloud
  1435 | D:2      | Reached skill level 1 in Invocations
  1595 | D:2      | Reached skill level 1 in Fighting
  1595 | D:2      | Reached skill level 1 in Short Blades
  1595 | D:2      | Reached skill level 1 in Long Blades
  1595 | D:2      | Reached skill level 1 in Axes
  1595 | D:2      | Reached skill level 1 in Maces & Flails
  1595 | D:2      | Reached skill level 1 in Polearms
  1595 | D:2      | Reached skill level 1 in Staves
  1595 | D:2      | Reached skill level 1 in Slings
  1595 | D:2      | Reached skill level 1 in Bows
  1595 | D:2      | Reached skill level 1 in Crossbows
  1595 | D:2      | Reached skill level 1 in Throwing
  1595 | D:2      | Reached skill level 1 in Armour
  1595 | D:2      | Reached skill level 1 in Shields
  1595 | D:2      | Reached skill level 1 in Unarmed Combat
  1595 | D:2      | Reached skill level 1 in Evocations
  1741 | D:2      | Reached XP level 4. HP: 32/32 MP: 9/13
  2461 | D:3      | Reached skill level 1 in Hexes
  2461 | D:3      | Reached skill level 1 in Charms
  2461 | D:3      | Reached skill level 1 in Necromancy
  2461 | D:3      | Reached skill level 1 in Transmutations
  2461 | D:3      | Reached skill level 1 in Fire Magic
  2461 | D:3      | Reached skill level 1 in Ice Magic
  2461 | D:3      | Reached skill level 1 in Air Magic
  2461 | D:3      | Reached skill level 1 in Earth Magic
  2461 | D:3      | Reached skill level 1 in Poison Magic
  2656 | D:4      | Reached XP level 5. HP: 27/37 MP: 3/14
  2750 | D:4      | Noticed Ijyb
  2755 | D:4      | Noticed an ogre
  2767 | D:3      | Slain by an iguana

Skill      XL: |  1  2  3  4 |
---------------+-------------+-----
Conjurations   | 2 |  2.3
Summonings     | 2 |  2.3
Translocations | 2 |  2.3
Invocations    | 1 |  1.5
Fighting       | 1 |  1.3
Short Blades   | 1 |  1.3
Long Blades    | 1 |  1.3
Axes           | 1 |  1.3
Maces & Flails | 1 |  1.3
Polearms       | 1 |  1.3
Staves         | 1 |  1.3
Slings         | 1 |  1.3
Bows           | 1 |  1.3
Crossbows      | 1 |  1.3
Throwing       | 1 |  1.3
Armour         | 1 |  1.3
Shields        | 1 |  1.3
Unarmed Combat | 1 |  1.3
Evocations     | 1 |  1.3
Hexes          | 1 |  1.1
Charms         | 1 |  1.1
Necromancy     | 1 |  1.1
Transmutations | 1 |  1.1
Fire Magic     | 1 |  1.1
Ice Magic      | 1 |  1.1
Air Magic      | 1 |  1.1
Earth Magic    | 1 |  1.1
Poison Magic   | 1 |  1.1
Dodging        | |  4.7
Stealth        | |  4.3
Spellcasting   | |  7.2

Action                   |  1- 3 |  4- 6 || total
-------------------------+-------+-------++-------
Melee: Hand axe          |     9 |     2 ||    11
 Cast: Magic Dart        |    79 |    50 ||   129
       Call Imp          |     2 |     9 ||    11
  Eat: Chunk             |     2 |     3 ||     5
Armor: Robe              |     5 |     2 ||     7
Dodge: Dodged            |    21 |    16 ||    37
